 Dungeon Crawl Stone Soup version 0.15.0-13-gb296d5c (webtiles) character file.

48 Trollhammer the Sneak (level 3, 0/16 HPs)
             Began as a Spriggan Enchanter on Sept 2, 2014.
             Slain by a gnoll
             ... wielding a +0 spear
              (6 damage)
             ... on Level 2 of the Dungeon.
             The game lasted 00:09:22 (1155 turns).

Trollhammer the Sneak (Spriggan Enchanter)          Turns: 1155, Time: 00:09:23

HP   0/16        AC  3     Str  5      XL: 3   Next: 50%
MP   1/9         EV 18     Int 16      God:
Gold 24          SH  0     Dex 16      Spells:  2 memorised,  4 levels left

rFire  . . .     SeeInvis +     a - +1 dagger
rCold  . . .     Clarity  .     b - +1 robe
rNeg   . . .     rCorr    .     (shield restricted)
rPois  .         rRot     .     (helmet restricted)
rElec  .         Spirit   .     (no cloak)
SustAb .         Warding  .     (gloves unavailable)
rMut   .         Stasis   .     (boots unavailable)
Gourm  .                        (no amulet)
MR     .....                    (no ring)
                                (no ring)

@: very slightly contaminated, very quick, not resistant to hostile
enchantments, stealthy
A: unfitting armour, see invisible, herbivore 3, speed 3, slow metabolism 2
a: no special abilities


You were on level 2 of the Dungeon.
You were not hungry.

You visited 1 branch of the dungeon, and saw 2 of its levels.

You collected 24 gold pieces.

Inventory:

Hand weapons
 a - a +1 dagger (weapon)
 m - a +0 spear
Missiles
 e - 18 bolts
Armour
 b - a +1 robe (worn)
Scrolls
 g - 2 scrolls of magic mapping {unknown}
 i - a scroll of blinking {unknown}
 j - a scroll of immolation {unknown}
 k - a scroll of noise {unknown}
Potions
 d - a potion of porridge
 f - a potion of agility {unknown}
 h - a potion of cancellation {unknown}
 l - a potion of lignification {unknown}
Books
 c - a book of Maledictions

   Spells                             Type                      Level
   *Corona                            Hexes                        1
   Sure Blade                         Hexes/Charms                 2
   *Ensorcelled Hibernation           Hexes/Ice                    2
   Confuse                            Hexes                        3
   Dazzling Spray                     Conjuration/Hexes            3
   Enslavement                        Hexes                        4


   Skills:
 + Level 2.8 Short Blades
 - Level 3.0 Dodging
 + Level 5.7 Stealth
 - Level 2.6 Spellcasting
 - Level 3.6 Hexes


You had 4 spell levels left.
You knew the following spells:

 Your Spells              Type           Power        Failure   Level  Hunger
a - Corona                Hex            ##.....      6%          1    #......
b - Ensorcelled Hibernat  Hex/Ice        #.....       17%         2    ##.....


Dungeon Overview and Level Annotations

Branches:
Dungeon (2/15)

Altars:


Innate Abilities, Weirdness & Mutations

You are tiny and cannot use many weapons and most armour.
You have supernaturally acute eyesight.
You are a herbivore.
You cover ground extremely quickly.
You need consume almost no food.


Message History

Confirm with . or Enter, or press ? or * to list all spells.
Aiming: Ensorcelled Hibernation
Press: ? - help, Shift-Dir - straight line, p - gnoll
Okay, then.
The gnoll misses you. The gnoll hits you but does no damage.
The gnoll misses you.
Casting: Ensorcelled Hibernation
Confirm with . or Enter, or press ? or * to list all spells.
Aiming: Ensorcelled Hibernation
Press: ? - help, Shift-Dir - straight line, f/p - gnoll
Aim: a gnoll, wielding a spear The gnoll resists.
The gnoll hits you from afar with a spear.
The gnoll hits you with a halberd.
You closely miss the gnoll. You hit the gnoll but do no damage.
The gnoll misses you. The gnoll barely misses you.
The gnoll closely misses you.
The gnoll hits you from afar with a spear.
You die...

########## #######
#........###.....###
+........'.'.....'..
#....))..###.....###
#........# #.....#
#........# #.....#
#.!......# #######
#....gg..#
#..@.....#
#........#
########## ########
#<%....# ######.#
#.#


You could see 2 gnolls.

Vanquished Creatures
  2 gnolls (D:2)
  An adder (D:2)
  2 giant cockroaches (D:1)
  4 hobgoblins (D:1)
  A kobold (D:1)
  A ball python (D:1)
  2 bats (D:1)
  5 goblins (D:1)
  2 rats (D:1)
20 creatures vanquished.

Notes
Turn   | Place    | Note
--------------------------------------------------------------
     0 | D:1      | Trollhammer, the Spriggan Enchanter, began the quest for the Orb.
     0 | D:1      | Reached XP level 1. HP: 9/9 MP: 4/4
   466 | D:1      | Reached XP level 2. HP: 13/13 MP: 5/7
   470 | D:1      | Learned a level 2 spell: Ensorcelled Hibernation
   567 | D:1      | Reached skill level 5 in Stealth
  1138 | D:2      | Reached XP level 3. HP: 16/16 MP: 6/9
  1155 | D:2      | Slain by a gnoll

Action                   || total
-------------------------++-------
Melee: Dagger            ||    38
 Cast: Corona            ||     7
       Ensorcelled Hiber ||     8
 Stab: Sleeping          ||    10
